 Dungeon Crawl Stone Soup version 0.22-a0-322-g60b3cfd402 (webtiles) character file.

11321 pyz3n the Grappler (level 11, 0/92 HPs)
             Began as a Ghoul Monk on Apr 2, 2018.
             Was a High Priest of Makhleb.
             Slain by a crocodile (11 damage)
             ... on level 11 of the Dungeon.
             The game lasted 00:45:21 (11821 turns).

pyz3n the Grappler (Ghoul Monk)                    Turns: 11821, Time: 00:45:22

Health: 0/92       AC: 18    Str: 19    XL:     11   Next: 75%
Magic:  25/25      EV:  9    Int:  5    God:    Makhleb [*****.]
Gold:   791        SH:  0    Dex: 11    Spells: 10/10 levels left

rFire    . . .     SeeInvis .     - Unarmed
rCold    + . .     Gourm    .   (no shield)
rNeg     + + +     Faith    +   e - +3 chain mail
rPois    ∞         Spirit   .   k - +1 helmet
rElec    .         Reflect  .   E - +2 cloak
rCorr    .         Harm     .   (no gloves)
MR       .....                  (no boots)
Stlth    ..........             o - amulet of faith
HPRegen  0.00/turn              g - ring of magical power
MPRegen  0.19/turn              (no ring)

@: rotting
A: rotting body, claws 1, carnivore, cold resistance 1, negative energy
resistance 3, inhibited regeneration, torment resistance, unbreathing
a: Minor Destruction, Lesser Servant of Makhleb, Major Destruction, Greater
Servant of Makhleb, Renounce Religion


You were on level 11 of the Dungeon.
You worshipped Makhleb.
Makhleb was extremely pleased with you.
You were not hungry.

You visited 2 branches of the dungeon, and saw 12 of its levels.
You also visited: Ossuary.

You collected 791 gold pieces.

Inventory:

Hand Weapons
 b - a +0 blowgun
Missiles
 j - 2 poisoned tomahawks (quivered)
 L - 7 curare-tipped needles
Armour
 a - a +0 robe
 e - a +3 chain mail (worn)
 k - a +1 helmet (worn)
 q - a +1 scale mail of fire resistance
 r - a +0 large shield
 E - a +2 cloak (worn)
 S - a +0 plate armour
 U - +0 steam dragon scales
Jewellery
 g - a ring of magical power (left claw)
 o - an amulet of faith (around neck)
 v - an uncursed ring of magical power
 R - an uncursed ring of protection from fire {unknown}
Wands
 u - a wand of enslavement (1)
 C - a wand of paralysis (16)
 N - a wand of iceblast (7)
 T - a wand of disintegration (15)
Scrolls
 c - 7 scrolls of teleportation
 f - 5 scrolls of enchant armour
 h - 3 scrolls of immolation {unknown}
 m - a scroll of fear {unknown}
 p - a scroll of magic mapping {unknown}
 s - 2 scrolls of fog
 x - 2 scrolls of enchant weapon
 y - a scroll of holy word {unknown}
 A - 4 scrolls of amnesia
 D - a scroll of random uselessness {unknown}
 F - 6 scrolls of remove curse
 I - 2 scrolls of vulnerability {unknown}
 J - 2 scrolls of blinking {unknown}
 O - a scroll of acquirement {unknown}
 P - a scroll of noise {unknown}
 Q - 2 scrolls of identify
Potions
 d - a potion of mutation {unknown}
 i - a potion of curing
 l - 2 potions of cancellation
 n - a potion of degeneration {unknown}
 t - a potion of flight {unknown}
 w - 3 potions of brilliance
 z - a potion of heal wounds {unknown}
 B - a potion of invisibility
 H - 2 potions of agility
 M - 5 potions of magic {unknown}
 V - a potion of might
Comestibles
 K - 17 rations


   Skills:
 + Level 7.3 Fighting
 - Level 5.0 Armour
 - Level 5.1 Dodging
 - Level 2.1 Stealth
 + Level 5.2 Shields
 * Level 13.1 Unarmed Combat
 * Level 9.1 Invocations


You had 10 spell levels left.
You didn't know any spells.

Dungeon Overview and Level Annotations

Branches:
Dungeon (11/15)            Temple (1/1) D:5            Lair (0/6) D:10
    Orc: D:9-12

Altars:
Ashenzari
Cheibriados
Dithmenos
Elyvilon
Fedhas
Gozag
Hepliaklqana
Kikubaaqudgha
Makhleb
Nemelex Xobeh
Okawaru
Qazlal
Ru
Sif Muna
Trog
Uskayaw
Vehumet
Wu Jian
Xom
Yredelemnul
Zin
The Shining One

Shops:
D:4 (

Annotations:
D:11 Harold


Innate Abilities, Weirdness & Mutations

Your body is rotting away.
You thrive on raw meat.
You are immune to poison.
You have sharp fingernails.
You are carnivorous and can eat meat at any time.
Your flesh is cold resistant. (rC+)
You are immune to negative energy. (rN+++)
You do not regenerate when monsters are visible.
You are immune to unholy pain and torment.
You can survive without breathing.


Message History

Harold casts a spell at you. The bolt of fire hits you!
The crocodile misses you.
You claw Harold! Your claw misses Harold.
Harold is moderately wounded.
You scratch Harold.
Harold is moderately wounded.
Harold hits you with a hand axe.
The crocodile bites you but does no damage.
Press: ? - help, Shift-Dir - straight line, f - Harold
Aim: Harold, wielding a hand axe and wearing a ring mail (moderately wounded, unusually agile)
The orb of electricity explodes!
The orb of electricity engulfs Harold.
Harold is severely wounded.
The orb of electricity engulfs you!
* * * LOW HITPOINT WARNING * * *
The orb of electricity engulfs the crocodile.
The crocodile is moderately wounded.
Harold hits you but does no damage. The crocodile bites you!
* * * LOW HITPOINT WARNING * * *
You feel better. The crocodile bites you!
You die...

## #. #####.###
#.......# ##########
#.......#######......(.#
#......t##....'........#
#.....@@.)(####......<.#
#.....%.#### #........#
#.......# #........#
##.###### #........+ #
#........# #........#
######+###


You could see Harold and a crocodile.

Vanquished Creatures
  4 two-headed ogres
  The ghost of Kabixx the Thaumaturge, a novice DsFE of Vehumet (D:8)
  The ghost of MirrMurr the Nimble, a novice SpBe of Trog (D:10)
  Pikel (D:6)
  A gargoyle (D:10)
  The ghost of dricus the Pure, a novice DsAK of Lugonu (D:3)
  A troll (D:9)
  A merfolk (D:9)
  4 hippogriffs
  Sigmund (D:6)
  3 wyverns (D:10)
  Eustachio (D:5)
  A basilisk (D:10)
  A steam dragon (D:10)
  Menkaure (D:6)
  A hungry ghost (D:7)
  2 water moccasins
  Duvessa (D:5)
  4 orc warriors
  A sky beast (D:5)
  A phantom (D:8)
  A swamp drake (D:10)
  2 ice beasts
  3 ogres
  2 necrophages
  4 centaurs
  A crocodile (D:10)
  2 big kobolds (D:7)
  A bullfrog (D:7)
  Dowan (D:5)
  6 scorpions
  13 killer bees
  2 howler monkeys
  A centaur zombie (D:8)
  A bullfrog zombie (D:9)
  4 crimson imps
  A bullfrog skeleton (D:11)
  A jelly (D:8)
  4 orc priests
  Crazy Yiuf (D:5)
  A hound (D:9)
  4 orc wizards
  3 centaur skeletons
  3 iguanas
  3 worker ants
  A hound zombie (D:3)
  A hound skeleton (D:4)
  4 mummies
  A worker ant zombie (D:10)
  5 gnolls
  7 adders
  3 shadow imps
  2 adder zombies (Ossuary)
  2 oozes
  3 worms
  3 dart slugs
  6 leopard geckos
  24 orcs
  8 bats
  4 giant cockroaches
  3 goblins (D:1)
  8 hobgoblins
  9 jackals
  4 quokkas
  4 ball pythons
  2 frilled lizards
  2 goblin zombies (Ossuary)
  6 hobgoblin zombies (Ossuary)
  14 kobolds
  2 kobold zombies (Ossuary)
  A quokka skeleton (D:5)
  5 quokka zombies
  5 rats
  2 rat zombies (Ossuary)
239 creatures vanquished.

Vanquished Creatures (collateral kills)
  An eye of draining (D:10)
  An orc priest (D:10)
  An iguana (D:10)
3 creatures vanquished.

Vanquished Creatures (others)
  A quokka (D:5)
1 creature vanquished.

Grand Total: 243 creatures vanquished

Notes
Turn   | Place    | Note
-------+----------+-------------------------------------------
     0 | D:1      | pyz3n the Ghoul Monk began the quest for the Orb.
     0 | D:1      | Reached XP level 1. HP: 19/19 MP: 0/0
    64 | D:1      | You fall through a shaft!
   136 | D:2      | Reached XP level 2. HP: 26/26 MP: 1/1
   148 | D:2      | Reached skill level 4 in Unarmed Combat
   328 | D:2      | Reached XP level 3. HP: 29/31 MP: 2/2
  1125 | D:1      | Reached XP level 4. HP: 38/38 MP: 3/3
  1172 | D:1      | Reached skill level 1 in Armour
  1284 | D:1      | Reached skill level 5 in Unarmed Combat
  1499 | D:3      | Noticed dricus's ghost (novice DsAK)
  1757 | D:3      | Killed dricus's ghost
  1757 | D:3      | Reached skill level 6 in Unarmed Combat
  1757 | D:3      | Reached XP level 5. HP: 21/46 MP: 4/4
  1757 | D:3      | Reached XP level 6. HP: 24/52 MP: 5/5
  1963 | D:3      | Found a stormy altar of Qazlal.
  1963 | D:3      | Found an opulent altar of Gozag.
  1965 | D:3      | Found a hide-covered altar of Uskayaw.
  1965 | D:3      | Found an ancient bone altar of Kikubaaqudgha.
  2173 | D:3      | Reached XP level 7. HP: 53/60 MP: 6/6
  2686 | D:4      | Reached skill level 1 in Shields
  3001 | D:4      | Found Defud's Antique Weapon Emporium.
  3685 | D:5      | Entered Level 5 of the Dungeon
  3704 | D:5      | Noticed Duvessa
  3704 | D:5      | Noticed Dowan
  3747 | D:5      | Killed Duvessa
  3763 | D:5      | Killed Dowan
  3880 | D:5      | Found a sand-covered staircase.
  3889 | Ossuary  | Entered an ossuary
  4448 | D:5      | Found a staircase to the Ecumenical Temple.
  4455 | D:5      | Found a shimmering altar of Xom.
  4462 | Temple   | Entered the Ecumenical Temple
  4500 | Temple   | Became a worshipper of Makhleb the Destroyer
  4500 | Temple   | Reached * piety under Makhleb
  4500 | Temple   | Reached ** piety under Makhleb
  4684 | D:5      | Reached XP level 8. HP: 60/67 MP: 7/7
  4957 | D:5      | Reached skill level 7 in Unarmed Combat
  4957 | D:5      | Reached skill level 1 in Invocations
  5036 | D:5      | Found a runed door.
  5086 | D:5      | Noticed Eustachio
  5121 | D:5      | Killed Eustachio
  5121 | D:5      | Reached skill level 5 in Fighting
  5317 | D:5      | Noticed Crazy Yiuf
  5330 | D:5      | Killed Crazy Yiuf
  5952 | D:6      | Found a deep blue altar of Sif Muna.
  5997 | D:6      | Noticed Pikel
  6004 | D:6      | Killed Pikel
  6004 | D:6      | Reached skill level 8 in Unarmed Combat
  6004 | D:6      | Reached XP level 9. HP: 74/74 MP: 10/10
  6081 | D:6      | Noticed Sigmund
  6092 | D:6      | Noticed Menkaure
  6094 | D:6      | Killed Sigmund
  6102 | D:6      | Killed Menkaure
  6102 | D:6      | Reached *** piety under Makhleb
  6578 | D:7      | Reached skill level 5 in Armour
  6578 | D:7      | Reached skill level 9 in Unarmed Combat
  6795 | D:7      | Found an ornate altar of the Wu Jian Council.
  6919 | D:7      | Reached skill level 5 in Dodging
  7237 | D:8      | Reached skill level 10 in Unarmed Combat
  7237 | D:8      | Reached skill level 5 in Invocations
  7311 | D:8      | Noticed Kabixx's ghost (novice DsFE)
  7338 | D:8      | Killed Kabixx's ghost
  7338 | D:8      | Reached XP level 10. HP: 24/80 MP: 13/13
  7558 | D:8      | Noticed a two-headed ogre
  7573 | D:8      | Killed a two-headed ogre
  7573 | D:8      | Reached skill level 11 in Unarmed Combat
  8280 | D:8      | Reached **** piety under Makhleb
  8346 | D:8      | Found a hazy altar of Hepliaklqana.
  8989 | D:9      | Found a shattered altar of Ashenzari.
  9237 | D:9      | Noticed a two-headed ogre
  9309 | D:9      | Killed a two-headed ogre
  9309 | D:9      | Reached skill level 12 in Unarmed Combat
  9309 | D:9      | Reached XP level 11. HP: 62/89 MP: 15/15
  9784 | D:10     | Entered Level 10 of the Dungeon
  9843 | D:10     | Noticed a two-headed ogre
 10140 | D:10     | Killed a two-headed ogre
 10184 | D:10     | Noticed MirrMurr's ghost (novice SpBe)
 10569 | D:10     | Reached ***** piety under Makhleb
 11024 | D:10     | Killed MirrMurr's ghost
 11292 | D:10     | Noticed a two-headed ogre
 11299 | D:10     | Killed a two-headed ogre
 11299 | D:10     | Reached skill level 5 in Shields
 11299 | D:10     | Reached skill level 13 in Unarmed Combat
 11524 | D:10     | Found a staircase to the Lair.
 11805 | D:11     | Noticed Harold
 11821 | D:11     | Slain by a crocodile

Vault maps used:
D:1:      nzn_arrival_crosshair, nrook_mini_vaults
D:2:      first_ration
D:3:      grunt_temple_overflow_open, nrook_mini_backslash
D:4:      serial_shops, nicolae_shop_crystal
D:5:      minmay_temple_entry_junction, basic_altar, gup_ossuary_entry_pyramid,
          uniq_crazy_yiuf_cottage, uniq_eustachio, uniq_duvessa
D:6:      led_sif_pool, uniq_sigmund, uniq_menkaure, uniq_pikel
D:7:      cheibrodos_iron_armory, overflow_temple_1_default
D:8:      lemuel_coloured_pillars_altar
D:9:      evilmike_ruin_ashenzari, hangedman_fish_farm
D:10:     erik_lair_dragon, serial_glass, glass_columns_a, glass_columns_a,
          glass_columns_c, glass_columns_c, glass_columns_c, glass_columns_b
D:11:     erik_orc_1, grunt_ministairs_1, uniq_harold
Temple:   eino_wide_crystal_templ
Ossuary:  ossuary_minmay_chase

Skill      XL: |  1  2  3  4  5  6  7  8  9 10 11 |
---------------+----------------------------------+-----
Unarmed Combat | 4 6 8 10 12 13 | 13.1
Armour         | 3 4 5 |  5.0
Fighting       | 4 5 6 7 |  7.3
Shields        | 4 5 |  5.2
Dodging        | 4 5 |  5.1
Invocations    | 3 5 7 9 |  9.1
Stealth        | |  2.1

Action                   |  1- 3 |  4- 6 |  7- 9 | 10-12 || total
-------------------------+-------+-------+-------+-------++-------
Melee: Unarmed           |   108 |   113 |   493 |   482 ||  1196
       Punch             |       |       |     8 |    18 ||    26
 Fire: Blowgun           |       |       |     1 |       ||     1
Invok: Minor Destruction |       |       |     1 |     1 ||     2
       Major Destruction |       |       |       |     2 ||     2
Evoke: Wand              |       |       |     5 |    10 ||    15
  Use: Scroll            |       |       |     5 |     4 ||     9
       Potion            |       |       |     1 |     6 ||     7
 Stab: Sleeping          |     1 |       |       |       ||     1
       Invisible         |       |       |       |     1 ||     1
  Eat: Chunk             |     1 |     7 |    24 |    14 ||    46
Armor: Robe              |     4 |       |       |       ||     4
       Chain mail        |    54 |    48 |   275 |   305 ||   682
Dodge: Dodged            |    46 |    30 |   182 |   246 ||   504
Block: Large shield      |       |       |    69 |       ||    69

Table legend:
 A = Spawn XP
 B = Non-spawn XP
 C = Spawn XP percentage of total XP
 D = Spawn monster count
 E = Non-spawn monster count
 F = Spawn count percentage of total count
 G = Total turns spent on level
                    A         B        C        D         E        F      G
               +---------+---------+-------+---------+---------+-------+---------
         Total |       0 |   16173 |   0.0 |       0 |     242 |   0.0 | 11821
               +---------+---------+-------+---------+---------+-------+---------
           D:1 |       0 |      53 |   0.0 |       0 |      26 |   0.0 |   634
           D:2 |       0 |      48 |   0.0 |       0 |      15 |   0.0 |  1129
           D:3 |       0 |     534 |   0.0 |       0 |      23 |   0.0 |   881
           D:4 |       0 |     175 |   0.0 |       0 |       7 |   0.0 |  1238
           D:5 |       0 |    1053 |   0.0 |       0 |      25 |   0.0 |  1333
           D:6 |       0 |    1309 |   0.0 |       0 |      15 |   0.0 |   808
           D:7 |       0 |    1257 |   0.0 |       0 |      24 |   0.0 |   684
           D:8 |       0 |    2840 |   0.0 |       0 |      17 |   0.0 |  1674
           D:9 |       0 |    2703 |   0.0 |       0 |      26 |   0.0 |  1561
          D:10 |       0 |    6076 |   0.0 |       0 |      42 |   0.0 |  1332
          D:11 |       0 |      43 |   0.0 |       0 |       1 |   0.0 |    36
       Ossuary |       0 |      82 |   0.0 |       0 |      21 |   0.0 |   453
               +---------+---------+-------+---------+---------+-------+---------
